 Dungeon Crawl Stone Soup version 0.29.0-7-g18a832c13a (webtiles) character file.

Game seed: 2540362186783030919

111 Alfie the Trooper (level 4, 0/41 HPs)
             Began as a Hill Orc Fighter on Aug 30, 2022.
             Slain by a jackal (3 damage)
             ... on level 3 of the Dungeon.
             The game lasted 00:04:31 (2196 turns).

Alfie the Trooper (Hill Orc Fighter)                Turns: 2196, Time: 00:04:31

Health: 0/41       AC:  7    Str: 20    XL:     4   Next: 92%
Magic:  4/4        EV:  9    Int:  8    God:
Gold:   179        SH:  4    Dex: 10    Spells: 3/3 levels left

rFire   . . .      SeeInvis .   a - +0 rapier
rCold   . . .      Faith    .   c - +0 buckler
rNeg    . . .      Spirit   .   b - +0 scale mail
rPois   .          Reflect  .   (no helmet)
rElec   .          Harm     .   (no cloak)
rCorr   .          Rampage  .   (no gloves)
Will    .....                   (no boots)
Stlth   ..........              (no amulet)
HPRegen 0.13/turn               (no ring)
MPRegen 0.09/turn               (no ring)

@: no status effects
A: no striking features
a: no special abilities


You were on level 3 of the Dungeon.
You visited 1 branch of the dungeon, and saw 3 of its levels.

You collected 179 gold pieces.

Inventory:

Hand Weapons
 a - a +0 rapier (weapon)
Armour
 b - a +0 scale mail (worn)
 c - a +0 buckler (worn)
Jewellery
 e - a +6 ring of intelligence
 i - an amulet of the acrobat
 j - a ring of resist corrosion
Scrolls
 h - 2 scrolls of identify
Potions
 d - a potion of might
 f - a potion of flight {unknown}
 g - a potion of berserk rage


   Skills:
 + Level 4.4 Fighting
 + Level 2.8 Short Blades
 + Level 4.2 Armour
 + Level 0.6 Dodging
 + Level 0.2 Stealth
 + Level 3.9 Shields


You had 3 spell levels left.
You didn't know any spells.
Your spell library contained the following spells:

 Spells                   Type           Power      Damage    Failure   Level
 Beastly Appendage        Tmut           0%         N/A       83%         1
 Blink                    Tloc           0%         N/A       93%         2
 Wereblood                Tmut           0%         N/A       93%         2
 Lesser Beckoning         Tloc           0%         N/A       99%         3
 Spider Form              Tmut/Pois      0%         N/A       99%         3
 Manifold Assault         Tloc           0%         N/A       100%        5


Dungeon Overview and Level Annotations

Branches:
Dungeon (3/15)

Altars:

Annotations:
D:3 1 runed translucent door, Crazy Yiuf


Message History

You barely miss the gnoll.
The gnoll is heavily wounded.
You block the gnoll's attack.
You hit the gnoll but do no damage.
The gnoll is heavily wounded.
The gnoll hits you with a +0 flail.
* * * LOW HITPOINT WARNING * * *
You hit the gnoll.
The gnoll is severely wounded.
The gnoll barely misses you.
You hit the gnoll.
The gnoll is almost dead.
The gnoll closely misses you.
You hit the gnoll.
You kill the gnoll!
Items here: ))) ††.
A jackal comes into view.
A jackal comes into view.
The jackal bites you.
* * * LOW HITPOINT WARNING * * *
You block the jackal's attack.
Items here: ))) ††.
You barely miss the jackal. You block the jackal's attack.
The jackal bites you but does no damage.
You hit the jackal but do no damage. The jackal barely misses you.
The jackal bites you but does no damage.
The jackal barely misses you. The jackal attacks as you move away!
The jackal bites you but does no damage.
You hit the jackal.
The jackal is severely wounded.
You block the jackal's attack.
You hit the jackal but do no damage.
The jackal is severely wounded.
The jackal barely misses you.
You hit the jackal.
You kill the jackal!
The jackal closely misses you.
You closely miss the jackal. The jackal bites you.
You die...

♣♣.♣ ......... ♣.♣♣ ##........
♣♣.♣ #......... ♣.♣♣
####..........# #+#
#.............# ...
##.#...........# ##### #...#
#..............# ....# #)..#
####..###........## ##### #####
#.@h..# #..........
#.###.###....#.#...
###########..................
#####............................
..........# #..###.########.....
#####....#####.# #.# #..###
##.####....# .# #).##
######.#.....### .# #...#
....)....##.## .# #.#..#


You could see a jackal.

Vanquished Creatures
  4 gnolls
  An adder (D:2)
  A white imp (D:3)
  A dart slug (D:2)
  2 orcs (D:3)
  3 endoplasms
  A giant cockroach (D:3)
  4 goblins
  3 hobgoblins
  4 jackals
  3 quokkas (D:2)
  6 ball pythons
  5 bats
  4 frilled lizards
  7 kobolds
  5 rats
54 creatures vanquished.

Notes
Turn   | Place    | Note
-------+----------+-------------------------------------------
     0 | D:1      | Alfie the Hill Orc Fighter began the quest for the Orb.
     0 | D:1      | Reached XP level 1. HP: 19/19 MP: 1/1
    36 | D:1      | Reached XP level 2. HP: 17/27 MP: 2/2
   807 | D:2      | Reached XP level 3. HP: 11/33 MP: 3/3
  1640 | D:3      | Reached XP level 4. HP: 35/40 MP: 4/4
  1947 | D:3      | Found a faded altar of an unknown god.
  1993 | D:3      | Found a runed translucent door.
  1994 | D:3      | Noticed Crazy Yiuf
  2167 | D:3      | HP: 1/41 [gnoll/+0 flail (5)]
  2189 | D:3      | HP: 2/41 [jackal (2)]
  2196 | D:3      | Slain by a jackal

Illustrated notes

Levels and vault maps discovered:
D:1:      spicycebolla_green_bress_n_ham_2, layout_rooms
D:2:      layout_loops_ring, chequers_avenue
D:3:      minmay_general_purpose_star, layout_rooms,
          mainiacjoe_overflow_alcove_1, nicolae_tso_carved_into_rock,
          nicolae_ecumenical_oubliette, uniq_crazy_yiuf_cottage

Skill      XL: |  1  2  3 |
---------------+----------+-----
Fighting       | 4 |  4.4
Armour         | 4 |  4.2
Short Blades   | |  2.8
Dodging        | |  0.6
Stealth        | |  0.2
Shields        | |  3.9

Action                   |  1- 3 |  4- 6 || total
-------------------------+-------+-------++-------
Melee: Rapier            |   139 |    76 ||   215
  Use: Scroll            |     4 |     1 ||     5
       Potion            |     1 |       ||     1
Armor: Scale mail        |    82 |    28 ||   110
Dodge: Dodged            |    66 |    35 ||   101
Block: Buckler           |    34 |    15 ||    49
